AoeStats
← Антон Романович

Scandinavia

510490552Analyzed
1v1 RM · 6h ago on Oct 1, 2026· 45m 36s· 2 players
Game mode
Random Map
Map size
Tiny (2 player)
Population
200
Speed
Normal
Resources
Standard
Victory
Conquest
Starting age
Dark Age
Ending age
Imperial Age
RankedLock teamsTeams togetherTeam positionsShared explorationLock speedFull tech treeHidden civsTurbo modeCheats
Victory
Defeat
🇺🇸 Franks · United States
749
+16
753
-16
GHoSTDoG
2:30 Loom
10:38 Feudal Age
12:09 Wheelbarrow
11:24 Double-Bit Axe
20:08 Castle Age
20:20 Gold Mining
22:33 Hand Cart
24:13 Husbandry
29:49 Bow Saw
33:53 Forging
33:49 Scale Barding Armor
33:45 Scale Mail Armor
33:35 Fletching
33:46 Padded Archer Armor
34:21 Masonry
34:12 Stone Mining
34:57 Gold Shaft Mining
34:57 Ballistics
34:33 Murder Holes
35:18 Iron Casting
36:18 Sanctity
41:16 Imperial Age
41:24 Ordonnance Companies
Антон Романович
9:59 Feudal Age
10:06 Loom
10:26 Double-Bit Axe
10:23 Horse Collar
19:55 Castle Age
19:13 Wheelbarrow
20:06 Fletching
20:17 Padded Archer Armor
21:42 Bow Saw
21:35 Heavy Plow
22:48 Gold Mining
22:48 Stone Mining
24:35 Squires
25:35 Pikeman
26:19 Scale Mail Armor
26:30 Forging
26:20 Arson
27:38 Chain Mail Armor
27:19 Bodkin Arrow
28:14 Hand Cart
29:19 Fervor
28:45 Elite Skirmisher
32:02 Town Watch
36:58 Stone Shaft Mining
36:28 Town Patrol
41:20 Imperial Age
41:29 Elite Leitis
42:49 Herbal Medicine
43:09 Block Printing
43:15 Sanctity
43:15 Bracer
43:53 Iron Casting
44:30 Scale Barding Armor
Connection lost

Rejoining the realm…

Still unreachable

The connection could not be restored.

Session expired

The server has moved on; the page needs a fresh start.